 Dungeon Crawl Stone Soup version bcrawl-1.28.1b (webtiles) character file.

Game seed: 9549297293822492767

287021 Morbidden the Thaumaturge (level 9, -2/55 HPs)
             Began as a Skeleton Reaver on Jan 1, 2021.
             Was an Elder of Vehumet.
             Slain by a four-headed hydra (4 damage)
             ... on level 7 of the Dungeon.
             The game lasted 00:09:09 (7123 turns).

Morbidden the Thaumaturge (Skeleton Reaver)         Turns: 7123, Time: 00:09:10

Health: -2/55      AC:  8    Str: 19      XL:     9   Next: 74%
Magic:  0/21       EV: 14    Int: 14 (15) God:    Vehumet [****..]
Gold:   627        SH:  0    Dex:  7      Spells: 9/24 levels left

rFire    . . .     SeeInvis .   o - +4 scythe (flame)
rCold    + . .     Gourm    .   (shield currently unavailable)
rNeg     + + +     Faith    .   b - +1 steam dragon scales
rPois    ∞         Spirit   +   (no helmet)
rElec    +         Reflect  .   (no cloak)
rCorr    .         Harm     .   (no gloves)
MR       +....                  f - +1 pair of boots {Fly}
Stlth    ++........             (no amulet)
HPRegen  0.18/turn              m - ring of insulation
MPRegen  0.17/turn              (no ring)

@: flying
A: no food or potions, cold resistance 1, deterioration 1, negative energy
resistance 3, powered by death 1, torment resistance, unbreathing, magic shield,
sturdy frame 1, spell healing
a: Renounce Religion, Stop Flying


You were on level 7 of the Dungeon.
You worshipped Vehumet.
Vehumet was greatly pleased with you.
You were not hungry.

You visited 1 branch of the dungeon, and saw 7 of its levels.
You also visited: Ossuary.

You collected 627 gold pieces.

Inventory:

Hand Weapons
 a - a +0 long sword
 o - a +4 scythe of flaming (weapon)
Missiles
 s - 134 poisoned tomahawks (quivered)
Armour
 b - +1 steam dragon scales (worn)
 f - a +1 pair of boots of flying (worn)
 l - a +0 chain mail
Jewellery
 k - a cursed ring of protection from magic
 m - a ring of insulation (left hand)
Wands
 n - a wand of digging (15)
 q - a wand of scattershot (5)
Scrolls
 c - a scroll of immolation
 e - 6 scrolls of remove curse
 i - a scroll of enchant armour
 j - 7 scrolls of identify
 p - 5 scrolls of teleportation


   Skills:
 * Level 6.0 Fighting
 + Level 5.2 Long Blades
 + Level 6.5 Polearms
 * Level 6.7 Dodging
 + Level 2.3 Stealth
 * Level 8.4 Spellcasting
 * Level 6.7 Conjurations
 * Level 2.0 Summonings
 * Level 1.8 Fire Magic
 * Level 1.5 Poison Magic


You had 9 spell levels left.
You knew the following spells:

 Your Spells              Type           Power        Failure   Level  Hunger
a - Magic Dart            Conj           ###.         1%          1    N/A
b - Searing Ray           Conj           ###.....     1%          2    N/A
c - Summon Scorpions      Summ/Pois      ##......     52%         4    N/A
d - Olgreb's Toxic Radia  Pois           ##.......    54%         4    N/A
e - Sticky Flame          Conj/Fire      ###.....     6%          4    N/A

Your spell library contained the following spells:

 Spells                   Type           Power        Failure   Level  Hunger
 Mephitic Cloud           Conj/Pois/Air  ##......     3%          3    N/A
 Sting                    Conj/Pois      ###.         1%          1    N/A
 Ignite Poison            Fire/Tmut/Pois #.......     7%          3    N/A
 Poisonous Vapours        Pois/Air       #.....       14%         2    N/A
 Venom Bolt               Conj/Pois      ###.......   16%         5    N/A
 Iskenderun's Battlesphe  Conj/Chrm      ###.....     22%         5    N/A

Dungeon Overview and Level Annotations

Branches:
Dungeon (7/12)             Temple (0/1) D:5
   Lair: D:7-9

Altars:
Fedhas
Nemelex Xobeh
Sif Muna
The Shining One

Annotations:
D:4 1 runed door


Innate Abilities, Weirdness & Mutations

You do not eat or drink.
You are immune to poison.
Your flesh is cold resistant. (rC+)
Your body sometimes deteriorates upon taking damage.
You are immune to negative energy. (rN+++)
You regenerate a little health from kills.
You are immune to unholy pain and torment.
You can survive without breathing.
When hurt, damage is shared between your health and your magic reserves.
Your movements are slightly less encumbered by armour. (ER -2)
Casting spells heals you.


Message History

* * * LOW HITPOINT WARNING * * *
No path to travel!
Unknown command.
Without enough magic to sustain it, your searing ray dissipates.
The four-headed hydra closely misses you.
The four-headed hydra bites you but does no damage. x2
The four-headed hydra bites you.
* * * LOW HITPOINT WARNING * * *
Unknown command.
Unknown command.
You barely miss the four-headed hydra.
The four-headed hydra is almost dead.
The four-headed hydra bites you but does no damage.
The four-headed hydra barely misses you.
The four-headed hydra bites you.
* * * LOW HITPOINT WARNING * * *
The four-headed hydra barely misses you. x2
The four-headed hydra bites you but does no damage.
The four-headed hydra bites you.
You die...

### ...
#.###.#
.......####
#....D@.#
....#..##.##
. #.. #..##
....##...##
.....#.....#
########...##
##.## #.# #.#


You could see a four-headed hydra.

Vanquished Creatures
  Pikel (D:5)
  2 hippogriffs
  Sigmund (D:3)
  Edmund (D:4)
  2 water moccasins
  An orc warrior (D:6)
  2 ice beasts
  A slave (D:5)
  3 sky beasts
  4 ogres
  2 bullfrogs
  3 scorpions
  A killer bee (D:5)
  A howler monkey (D:4)
  3 crimson imps
  2 hounds
  A bullfrog skeleton (D:4)
  An orc priest (D:6)
  A centaur skeleton (D:5)
  2 orc wizards (D:6)
  3 iguanas
  4 worker ants
  2 hound skeletons
  8 mummies (Ossuary)
  A worker ant zombie (D:5)
  A gnoll (D:2)
  11 adders
  4 shadow imps
  2 oozes
  An adder skeleton (D:4)
  A worm (D:2)
  2 dart slugs
  7 leopard geckos
  9 orcs
  A ball python (D:3)
  2 bats (D:1)
  8 goblins
  10 hobgoblins
  A jackal (D:1)
  12 kobolds
  7 quokkas
  4 frilled lizards
  3 gnoll zombies (Ossuary)
  2 goblin zombies (D:6)
  2 kobold zombies (Ossuary)
  3 orc zombies (Ossuary)
  5 rats
151 creatures vanquished.

Notes
Turn   | Place    | Note
-------+----------+-------------------------------------------
     0 | D:1      | Morbidden the Skeleton Reaver began the quest for the Orb.
     0 | D:1      | Reached XP level 1. HP: 14/14 MP: 4/4
   106 | D:1      | Reached XP level 2. HP: 15/19 MP: 4/6
   288 | D:1      | Reached * piety under Vehumet
   288 | D:1      | Offered knowledge of Magic Dart by Vehumet.
   291 | D:1      | Learned a level 1 spell: Magic Dart
   393 | D:1      | Reached XP level 3. HP: 23/23 MP: 5/7
  1584 | D:2      | Reached skill level 1 in Conjurations
  1584 | D:2      | Reached XP level 4. HP: 27/28 MP: 0/9
  2305 | D:3      | Offered knowledge of Searing Ray by Vehumet.
  2306 | D:3      | Reached XP level 5. HP: 33/33 MP: 2/10
  2309 | D:3      | Learned a level 2 spell: Searing Ray
  2418 | D:3      | Reached ** piety under Vehumet
  2442 | D:3      | Noticed Sigmund
  2450 | D:3      | Killed Sigmund
  2451 | D:3      | Reached skill level 5 in Long Blades
  2451 | D:3      | Reached skill level 4 in Spellcasting
  2451 | D:3      | Gained mutation: You regenerate a little health from kills.
                  | [Skeleton growth]
  2451 | D:3      | Reached XP level 6. HP: 38/38 MP: 1/13
  2696 | D:3      | Found a sparkling altar of Nemelex Xobeh.
  2830 | D:4      | Reached skill level 5 in Spellcasting
  2980 | D:4      | Reached skill level 1 in Polearms
  3076 | D:4      | Reached skill level 1 in Stealth
  3353 | D:4      | Reached XP level 7. HP: 42/44 MP: 11/15
  3429 | D:4      | Offered knowledge of Throw Frost by Vehumet.
  3431 | D:4      | Noticed Edmund
  3461 | D:4      | Killed Edmund
  3633 | D:4      | Found a runed door.
  3841 | D:5      | Entered Level 5 of the Dungeon
  3928 | D:5      | Reached skill level 5 in Fighting
  3928 | D:5      | Reached skill level 6 in Spellcasting
  3932 | D:5      | Reached XP level 8. HP: 22/49 MP: 1/17
  4030 | D:5      | Reached *** piety under Vehumet
  4037 | D:5      | Reached skill level 5 in Dodging
  4182 | D:5      | Found a blossoming altar of Fedhas.
  4370 | D:5      | Noticed Pikel
  4396 | D:5      | Killed Pikel
  4397 | D:5      | Reached skill level 7 in Spellcasting
  4397 | D:5      | Reached skill level 5 in Conjurations
  4643 | D:5      | Found a shimmering blue altar of Sif Muna.
  4644 | D:5      | Found a glowing golden altar of the Shining One.
  4900 | D:5      | Learned a level 4 spell: Summon Scorpions
  4905 | D:5      | Learned a level 4 spell: Olgreb's Toxic Radiance
  4927 | D:5      | Noticed a hippogriff
  4938 | D:5      | Killed a hippogriff
  4939 | D:5      | Reached skill level 5 in Polearms
  4939 | D:5      | Reached XP level 9. HP: 15/55 MP: 2/20
  5273 | D:5      | Found a staircase to the Ecumenical Temple.
  5379 | D:6      | Found a sand-covered staircase.
  5387 | Ossuary  | Entered an ossuary
  5413 | Ossuary  | Offered knowledge of Sticky Flame by Vehumet.
  5422 | Ossuary  | Learned a level 4 spell: Sticky Flame
  5475 | Ossuary  | Reached skill level 1 in Summonings
  5716 | D:6      | Reached skill level 1 in Poison Magic
  5849 | D:6      | Reached skill level 1 in Fire Magic
  6007 | D:6      | Reached skill level 8 in Spellcasting
  6337 | D:6      | Reached **** piety under Vehumet
  6692 | D:6      | Offered knowledge of Mephitic Cloud by Vehumet.
  7108 | D:7      | Noticed a four-headed hydra
  7123 | D:7      | HP: 2/55 [four-headed hydra (3)]
  7123 | D:7      | Slain by a four-headed hydra

Skill      XL: |  1  2  3  4  5  6  7  8  9 |
---------------+----------------------------+-----
Long Blades    | 4 5 |  5.2
Conjurations   | 1 2 3 4 5 6 |  6.7
Fighting       | 4 5 6 |  6.0
Spellcasting   | 4 5 6 7 8 |  8.4
Polearms       | 2 3 5 6 |  6.5
Dodging        | 4 6 |  6.7
Stealth        | 1 2 |  2.3
Summonings     | 2 |  2.0
Poison Magic   | 1 |  1.5
Fire Magic     | 1 |  1.8

Action                   |  1- 3 |  4- 6 |  7- 9 || total
-------------------------+-------+-------+-------++-------
Melee: Long sword        |    79 |    19 |       ||    98
       Scythe            |       |    43 |   133 ||   176
Throw: Tomahawk          |       |       |     3 ||     3
 Cast: Magic Dart        |    72 |    84 |   132 ||   288
       Searing Ray       |       |     4 |    31 ||    35
       Sticky Flame      |       |       |     2 ||     2
  Use: Scroll            |       |       |     9 ||     9
 Stab: Sleeping          |       |     2 |     1 ||     3
Armor: Steam dragon scal |    27 |    36 |    87 ||   150
Dodge: Dodged            |    79 |    70 |   187 ||   336
